[Event "12th Tamil Nadu Circuit-IM 2024"]
[Site "Chennai"]
[Date "2024.01.13"]
[Round "7.3"]
[White "Tologon tegin, Semetei"]
[Black "Mohamed Anees M"]
[Result "*"]
[ECO "C02"]
[WhiteElo "2384"]
[BlackElo "2319"]
[Annotator "RC"]
[PlyCount "27"]
[EventDate "2024.01.09"]
[EventType "tourn"]
[EventCountry "IND"]
[SourceTitle "playchess.com"]
[Source "ChessBase"]
[SourceQuality "1"]
[TimeControl "5400+30"]

1. e4 e6 2. d4 d5 3. e5 c5 4. c3 Nc6 5. Nf3 Qb6 6. Bd3 cxd4 7. O-O Bd7 8. Re1 Nge7 9. h4 Rc8 10. h5 h6 11. Nbd2 g5 12. Nb3 dxc3 13. bxc3 Bg7 14. Rb1 *

[Event "12th Tamil Nadu Circuit-IM 2024"]
[Site "Chennai"]
[Date "2024.01.13"]
[Round "7.3"]
[White "Buscara, Sevan"]
[Black "Md Imran"]
[Result "0-1"]
[ECO "C02"]
[WhiteElo "2359"]
[BlackElo "2222"]
[Annotator "TA"]
[PlyCount "101"]
[EventDate "2024.01.09"]
[EventType "tourn"]
[EventCountry "IND"]
[SourceTitle "playchess.com"]
[Source "ChessBase"]
[SourceQuality "1"]
[TimeControl "5400+30"]

1. e4 e6 2. d4 d5 3. e5 c5 4. c3 Nc6 5. Nf3 Qb6 6. Bd3 cxd4 7. O-O {[%emt 0:00:25] is now more promising than 7.cxd4. C02: French: Advance Variation.} Bd7 8. Re1 Nge7 9. h4 Rc8 10. h5 h6 11. Nbd2 g5 12. Nb3 $146 ({Predecessor:} 12. hxg6 fxg6 13. Nb3 dxc3 14. bxc3 Bg7 15. Ba3 Rf8 16. Bd6 a6 17. Rb1 Qa7 18. Nfd4 {1-0 Tukhaev,A (2534)-Ilyasli,U (2250) Baku Jafarov Memorial 2022 (1)}) 12... dxc3 13. bxc3 Bg7 14. Rb1 Qc7 15. Nc5 Nxe5 16. Nxe5 Bxe5 17. Rxb7 Bh2+ 18. Kh1 Qxc5 19. Kxh2 Bc6 (19... Qxc3 20. Kg1 $16 (20. Rxa7 Qc5 $17) (20. Bb2 Qc6 $14)) (19... Qxf2 {is more complex.} 20. Be3 Qh4+ 21. Kg1 g4) 20. Rb2 Qxc3 21. Rc2 Qb4 22. Bb2 d4 (22... O-O $5 23. Qf3 Nf5 (23... Qxe1 $2 24. Qf6 $18) 24. Bxf5 d4 (24... Qxe1 $2 25. Bh7+ Kxh7 26. Qf6 $18) 25. Bh7+ (25. Rxc6 Rxc6 26. Qxc6 Qxe1 $11) 25... Kxh7 26. Qd3+ Kg8 27. Rxe6 (27. Qxd4 Qxd4 28. Bxd4 Bd5 $11) 27... fxe6 (27... Qb8+ $2 28. Kg1 $18) (27... Bb5 $2 28. Rg6+ Kh7 29. Qe4 $18) 28. Qg6+ Kh8 29. Qxh6+ Kg8 30. Qg6+ Kh8 $11) 23. Qc1 O-O 24. Ba3 Qb8+ 25. Kg1 (25. g3 $5 Ba8 (25... Bb5 $2 26. Bxb5 Qxb5 27. Bxe7 $18) 26. Bxe7 $11) 25... Ba4 $1 26. Rc5 (26. Bxe7 $2 Bxc2 27. Bxc2 d3 28. Bxf8 Rxc2 $19 (28... dxc2 $2 29. Bxh6 f6 30. Bxg5 $18)) (26. Rc4 $5 Bb5 $8 (26... Rxc4 $2 27. Qxc4 Nd5 28. Qxd4 $18) 27. Bxe7 Rxc4 28. Bxc4 $11) 26... Nd5 27. Qc4 Bd7 (27... Rxc5 $5 28. Bxc5 Rc8 29. Qxd4 Be8 $14) 28. Qxd4 Rxc5 29. Bxc5 Rc8 30. Bxa7 Qb4 31. Qe5 f6 32. Qa1 Ra8 33. Rb1 $2 (33. a3 $11 {and White is okay.} Qb3 34. Qd4) 33... Qa3 $19 34. Bc4 Qxa7 (34... Rxa7 35. Bxd5 exd5 36. Qxf6 $11) 35. Bxd5 exd5 36. Qxf6 {[%emt 0:00:16] [#]} Be8 $1 (36... Qxa2 $2 37. Qg6+ Kf8 38. Qxh6+ Kg8 39. Qxg5+ Kh8 40. Qf6+ Kg8 41. Qg6+ Kh8 42. h6 $18) 37. Qxh6 Qe7 (37... Qxa2 $2 38. Qxg5+ Kf8 39. Rb7 Qa1+ 40. Kh2 Bxh5 41. Qf5+ (41. Qxh5 Qf6 $18) 41... Kg8 42. Qxd5+ (42. Qxh5 Qh8 $18) 42... Kf8 43. Qxh5 $18) 38. Rb6 $2 (38. Qb6) 38... Qe1+ $19 (38... Rxa2 $2 39. Re6 Ra1+ 40. Kh2 Qc7+ (40... Qd8 $2 41. Re5 $18) 41. g3 $18) 39. Kh2 Qe5+ (39... Rxa2 40. Qxg5+ Kf7 41. Qf6+ (41. Qxd5+ Ke7 42. Qd6+ Kf7 43. Rb7+ Bd7 44. Rxd7+ Ke8 45. Rd8+ Kf7 46. Rf8+ Kg7 47. Qf6+ Kh7 48. Rh8#) (41. Rb7+ Ke6 $18) (41. Rf6+ Ke7 42. Rb6+ Kd7 43. Qg7+ Qe7 44. Rb7+ Kc6 45. Qxe7 Bd7 46. Qxd7+ Kc5) 41... Kg8 42. Rb7) 40. g3 Rxa2 41. Rf6 Bf7 42. Kg2 Qe4+ $2 (42... d4 43. Rxf7 Kxf7 44. Qh7+ Kf8 45. Qh6+ Ke7) 43. Kh2 $2 (43. Kh3 Qe5 44. Rf3) 43... Qe5 44. Kg2 $1 d4 45. Rxf7 Kxf7 46. Qh7+ Kf8 47. Qh6+ Ke7 48. Qh7+ Kd6 49. Qb1 Qd5+ 50. Kg1 d3 51. Qb6+ 0-1

[Event "12th Tamil Nadu Circuit-IM 2024"]
[Site "Chennai"]
[Date "2024.01.13"]
[Round "7.4"]
[White "Gochelashvili, David"]
[Black "Prasannaa.s"]
[Result "1-0"]
[ECO "B74"]
[WhiteElo "2287"]
[BlackElo "2213"]
[Annotator "RC"]
[PlyCount "117"]
[EventDate "2024.01.09"]
[EventType "tourn"]
[EventCountry "IND"]
[SourceTitle "playchess.com"]
[Source "ChessBase"]
[SourceQuality "1"]
[TimeControl "5400+30"]

1. e4 c5 2. Nf3 g6 3. d4 cxd4 4. Nxd4 Nc6 5. Nb3 Bg7 6. Be2 Nf6 7. Nc3 O-O 8. O-O d6 9. Be3 Be6 10. f4 Qc8 11. Kh1 Rd8 12. Bf3 d5 13. exd5 Nxd5 14. Nxd5 Bxd5 15. Bxd5 e6 16. Bxe6 Qxe6 17. Qf3 Nb4 18. f5 gxf5 19. Bg5 Nxc2 20. Nc5 Qd5 21. Bxd8 Qxf3 22. gxf3 Nxa1 23. Nxb7 Nc2 24. Rg1 Kh8 25. Nd6 h6 26. Bc7 Nd4 27. Nxf7+ Kh7 28. Be5 Bxe5 29. Nxe5 Re8 30. Nd7 Rc8 31. Nf6+ Kh8 32. Rd1 Rc6 33. Rxd4 Rxf6 34. Rd8+ Kg7 35. Rd7+ Kg6 36. Rxa7 Kg5 37. Kg2 Rc6 38. Kg3 f4+ 39. Kh3 Rc2 40. Ra5+ Kf6 41. Rb5 Rf2 42. Kg4 Rxh2 43. Kxf4 Rh4+ 44. Kg3 Ra4 45. a3 Ra6 46. Kh4 Ra4+ 47. Rb4 Ra5 48. a4 Rg5 49. Rb6+ Kg7 50. b4 Rg2 51. a5 Rf2 52. Kg3 Ra2 53. a6 Ra4 54. Rb7+ Kg6 55. a7 h5 56. Rb6+ Kf5 57. Rb5+ Ke6 58. Ra5 Rxa5 59. bxa5 1-0

[Event "12th Tamil Nadu Circuit-IM 2024"]
[Site "Chennai"]
[Date "2024.01.13"]
[Round "7.5"]
[White "Raghav V"]
[Black "Mamombe, Kudzanai"]
[Result "1-0"]
[ECO "B33"]
[WhiteElo "2150"]
[BlackElo "1797"]
[Annotator "RC"]
[PlyCount "107"]
[EventDate "2024.01.09"]
[EventType "tourn"]
[EventCountry "IND"]
[SourceTitle "playchess.com"]
[Source "ChessBase"]
[SourceQuality "1"]
[TimeControl "5400+30"]

1. e4 c5 2. Nf3 Nc6 3. d4 cxd4 4. Nxd4 Nf6 5. Nc3 e5 6. Ndb5 d6 7. Bg5 a6 8. Na3 b5 9. Nd5 Be7 10. Bxf6 Bxf6 11. c3 Ne7 12. Nxf6+ gxf6 13. Bd3 f5 14. exf5 Bxf5 15. Bxf5 Nxf5 16. Qf3 Ne7 17. O-O-O O-O 18. Qd3 d5 19. Qg3+ Ng6 20. h4 Kh8 21. Qf3 d4 22. h5 Qg5+ 23. Kb1 Nf4 24. cxd4 exd4 25. Rxd4 Ne6 26. Rd5 Qh6 27. Qc3+ f6 28. Rd6 Ng5 29. Re1 Qxh5 30. Rxf6 Rxf6 31. Qxf6+ Kg8 32. Nc2 Qg6 33. Qxg6+ hxg6 34. Re5 Rd8 35. Kc1 Nf7 36. Re6 Rd6 37. Rxd6 Nxd6 38. Nb4 a5 39. Nc6 a4 40. Kc2 Kf7 41. f3 Ke6 42. Kc3 g5 43. Kd4 Nc4 44. b3 axb3 45. axb3 Nd2 46. b4 Nb1 47. Na7 Na3 48. Kc5 Ke5 49. Nxb5 Nc2 50. Nc3 Nxb4 51. Kxb4 Kf4 52. Ne4 g4 53. Nd2 gxf3 54. gxf3 1-0

[Event "12th Tamil Nadu Circuit-IM 2024"]
[Site "Chennai"]
[Date "2024.01.13"]
[Round "8.1"]
[White "Md Imran"]
[Black "Mamombe, Kudzanai"]
[Result "1-0"]
[ECO "D15"]
[WhiteElo "2222"]
[BlackElo "1797"]
[Annotator "TA"]
[PlyCount "85"]
[EventDate "2024.01.09"]
[EventType "tourn"]
[EventCountry "IND"]
[SourceTitle "playchess.com"]
[Source "ChessBase"]
[SourceQuality "1"]
[TimeControl "5400+30"]

1. d4 d5 2. c4 c6 3. Nc3 Nf6 4. Nf3 Bf5 5. Qb3 Qb6 6. c5 Qxb3 7. axb3 Nbd7 8. b4 e6 9. Bf4 Be7 10. b5 {[%emt 0:00:33] White is slightly better.} O-O 11. e3 {[%emt 0:00:06] And now bxc6 would win.} Nh5 12. Kd2 (12. bxc6 $16 bxc6 13. Bc7) 12... Nxf4 $11 13. exf4 Rfd8 14. b4 cxb5 15. Bxb5 Nf6 {[%emt 0:00:50] White leaves nothing to chance now.} 16. Ne5 a6 17. Bd3 Ne4+ 18. Bxe4 dxe4 19. Ke3 h5 ({Better is} 19... g5) 20. Nc4 $16 {[%emt 0:01:00] White is more active.} g5 {[%emt 0:06:06] [#] ...gxf4+ is the strong threat.} 21. g3 ({Not} 21. Nxe4 gxf4+ 22. Kd3 Rd5 $17) 21... gxf4+ 22. gxf4 Kh8 (22... Rac8 $142 23. Rhg1+ (23. Nxe4 Rc7 $18) 23... Kf8 24. Nxe4 Rc7) 23. Nxe4 Rac8 24. Ned6 Bxd6 25. Nxd6 Rc7 26. Rhg1 Bg6 (26... Rxd6 {might work better.} 27. cxd6 Rc3+ 28. Ke2 Rc2+ 29. Kd1 Rc6) 27. Rad1 Rcd7 28. Rg5 Kg7 29. Nc4 Kf6 30. Nb6 Re7 31. Re5 {[%emt 0:00:05] Black must now prevent d5.} Bf5 $2 (31... Kg7) 32. d5 $18 Ree8 33. d6 h4 34. Rg1 h3 35. Rg5 {[%emt 0:00:19][%cal Ob6d5] Hoping for Nd5+!} Rh8 {[%emt 0:02:14] [#]} (35... Bg6 $142 36. Kd4 Kg7) 36. Nd5+ $1 exd5 37. Rgxf5+ {[%emt 0:00:17][%mdl 4096] Endgame. KRR-KRR} Kg6 38. Rg5+ Kf6 39. Rh5 Rde8 40. d7 Rd8 41. Rxh8 {[%emt 0:00:02] White is clearly winning.} Rxd7 42. Rh6+ Kg7 43. Rd6 {[%emt 0:00:02] Weighted Error Value: White=0.13 (very precise) /Black=0.46.  Mistake:       	White=1     	Black=5      Inaccurate:     	---       	Black=5      OK:         	White=11    	Black=5      Best:        	White=1     	Black=1      Brilliant:      	White=1     	---} 1-0

[Event "12th Tamil Nadu Circuit-IM 2024"]
[Site "Chennai"]
[Date "2024.01.13"]
[Round "8.2"]
[White "Prasannaa.s"]
[Black "Raghav V"]
[Result "0-1"]
[ECO "C69"]
[WhiteElo "2213"]
[BlackElo "2150"]
[Annotator "RC"]
[PlyCount "126"]
[EventDate "2024.01.09"]
[EventType "tourn"]
[EventCountry "IND"]
[SourceTitle "playchess.com"]
[Source "ChessBase"]
[SourceQuality "1"]
[TimeControl "5400+30"]

1. e4 e5 2. Nf3 Nc6 3. Bb5 a6 4. Bxc6 dxc6 5. O-O f6 6. d4 exd4 7. Nxd4 c5 8. Nb3 Qxd1 9. Rxd1 Bg4 10. f3 Be6 11. Nc3 Bd6 12. Be3 b6 13. a4 O-O-O 14. a5 Kb7 15. axb6 cxb6 16. e5 Be7 17. Rxd8 Bxd8 18. Bxc5 Bxb3 19. Bf8 Nh6 20. Bxg7 Rg8 21. Bxh6 Bxc2 22. Rc1 Bb3 23. exf6 Bxf6 24. Be3 Rc8 25. Ne4 Rxc1+ 26. Bxc1 Bd4+ 27. Kf1 Bc4+ 28. Ke1 Kc6 29. Kd2 a5 30. Kc2 a4 31. Bd2 Bf1 32. g4 Be2 33. Ng5 Kd5 34. Bc3 Be3 35. Nxh7 Kc4 36. Nf6 Bd3+ 37. Kd1 a3 38. bxa3 Kxc3 39. Nd5+ Kd4 40. Nxe3 Kxe3 41. g5 Kd4 42. Kd2 Bg6 43. h4 b5 44. f4 Kc4 45. Ke3 Kb3 46. Kf3 Bh5+ 47. Ke3 Kxa3 48. f5 b4 49. g6 b3 50. Kf4 b2 51. Kg5 b1=Q 52. Kxh5 Qxf5+ 53. Kh6 Qf4+ 54. Kh5 Qe5+ 55. Kh6 Qh8+ 56. Kg5 Kb4 57. h5 Kc5 58. h6 Qe5+ 59. Kg4 Qf6 60. g7 Qg6+ 61. Kf3 Kd6 62. Ke2 Ke7 63. Kd1 Ke8 0-1

[Event "12th Tamil Nadu Circuit-IM 2024"]
[Site "Chennai"]
[Date "2024.01.13"]
[Round "8.3"]
[White "Pradeep Kumar R A"]
[Black "Tologon tegin, Semetei"]
[Result "1/2-1/2"]
[ECO "A31"]
[WhiteElo "2189"]
[BlackElo "2384"]
[Annotator "RC"]
[PlyCount "133"]
[EventDate "2024.01.09"]
[EventType "tourn"]
[EventCountry "IND"]
[SourceTitle "playchess.com"]
[Source "ChessBase"]
[SourceQuality "1"]
[TimeControl "5400+30"]

1. Nf3 c5 2. c4 Nc6 3. d4 cxd4 4. Nxd4 Qb6 5. e3 Nf6 6. Be2 e6 7. O-O Be7 8. Nc3 a6 9. a3 O-O 10. b4 d6 11. Bb2 Bd7 12. Rc1 Rac8 13. c5 Qc7 14. Na4 Nxd4 15. Bxd4 Bxa4 16. Qxa4 dxc5 17. Bxc5 Ne4 18. Bxe7 Qxe7 19. Rc2 Nc3 20. Qb3 Nxe2+ 21. Rxe2 Qc7 22. Rd2 Qc3 23. Qxc3 Rxc3 24. Rd7 Rb8 25. Rfd1 Kf8 26. R7d3 Rbc8 27. Kf1 Rxd3 28. Rxd3 Ke7 29. Ke2 Rc1 30. Rd1 Rc3 31. Rd3 Rc1 32. Rd1 Rc4 33. Rd3 g5 34. Kd2 Rc6 35. Rc3 Kd6 36. Rd3+ Ke7 37. Rc3 Rd6+ 38. Rd3 h5 39. Kc3 Rc6+ 40. Kd2 f5 41. e4 fxe4 42. Rd4 e5 43. Rxe4 Ke6 44. Re3 Rd6+ 45. Ke2 Rc6 46. Kd2 Rc4 47. Rd3 Rh4 48. h3 Rf4 49. Ke3 Rc4 50. Rd8 Rc3+ 51. Ke4 Rc4+ 52. Ke3 b5 53. Rh8 Rc3+ 54. Ke4 Rc4+ 55. Ke3 Rc3+ 56. Ke4 Rc4+ 57. Kd3 e4+ 58. Ke3 h4 59. Rh6+ Ke5 60. Rxa6 Rc3+ 61. Kd2 Rd3+ 62. Kc2 Kd4 63. Rd6+ Kc4 64. Rc6+ Kd4 65. Rd6+ Kc4 66. Re6 Kd4 67. Rd6+ 1/2-1/2

[Event "12th Tamil Nadu Circuit-IM 2024"]
[Site "Chennai"]
[Date "2024.01.13"]
[Round "8.4"]
[White "Mohamed Anees M"]
[Black "Gochelashvili, David"]
[Result "0-1"]
[ECO "A65"]
[WhiteElo "2319"]
[BlackElo "2287"]
[Annotator "RC"]
[PlyCount "78"]
[EventDate "2024.01.09"]
[EventType "tourn"]
[EventCountry "IND"]
[SourceTitle "playchess.com"]
[Source "ChessBase"]
[SourceQuality "1"]
[TimeControl "5400+30"]

1. d4 Nf6 2. c4 g6 3. Nc3 Bg7 4. e4 d6 5. h3 O-O 6. Bg5 c5 7. d5 e6 8. Bd3 exd5 9. cxd5 b5 10. Bxb5 h6 11. Bd2 Nbd7 12. Nge2 Rb8 13. O-O Nxe4 14. Nxe4 Rxb5 15. Nxd6 Rxb2 16. Bc3 Bxc3 17. Nxc3 Ba6 18. Re1 Ne5 19. Rxe5 Qxd6 20. Qe1 Bd3 21. Qe3 c4 22. Re1 Qb6 23. Qf4 g5 24. Qg3 Qd4 25. Ne4 c3 26. Nf6+ Kg7 27. Nh5+ Kh7 28. Nf6+ Kg7 29. Qf3 Bg6 30. Nd7 Rh8 31. Qf6+ Kh7 32. Re8 Qxf6 33. Nxf6+ Kg7 34. Rxh8 Kxh8 35. d6 Rd2 36. d7 c2 37. Re8+ Kg7 38. Rc8 Kxf6 39. Rxc2 Bxc2 0-1

[Event "12th Tamil Nadu Circuit-IM 2024"]
[Site "Chennai"]
[Date "2024.01.13"]
[Round "8.5"]
[White "Buscara, Sevan"]
[Black "Touzane, Olivier"]
[Result "1-0"]
[ECO "B04"]
[WhiteElo "2359"]
[BlackElo "2242"]
[Annotator "RC"]
[PlyCount "71"]
[EventDate "2024.01.09"]
[EventType "tourn"]
[EventCountry "IND"]
[SourceTitle "playchess.com"]
[Source "ChessBase"]
[SourceQuality "1"]
[TimeControl "5400+30"]

1. e4 g6 2. d4 Bg7 3. Nf3 d6 4. Bc4 Nf6 5. Qe2 O-O 6. e5 dxe5 7. dxe5 Nd5 8. h3 c6 9. O-O Qc7 10. Re1 Rd8 11. a4 a5 12. Nbd2 Na6 13. Nb3 Be6 14. Ng5 Bf5 15. Bxa6 bxa6 16. Nd4 Qc8 17. Nxf5 Qxf5 18. e6 f6 19. Nf7 Nb4 20. Nxd8 Rxd8 21. Rd1 Rxd1+ 22. Qxd1 Qxe6 23. Bd2 f5 24. Bc3 Bxc3 25. bxc3 Nd5 26. Qd2 Qf6 27. Re1 Nxc3 28. Qd8+ Kf7 29. Qxa5 Qd4 30. Qxa6 Ne4 31. Qe2 Qxa4 32. f3 Qa7+ 33. Qe3 Qxe3+ 34. Rxe3 Ng3 35. Kf2 f4 36. Rc3 1-0

[Event "12th Tamil Nadu Circuit-IM 2024"]
[Site "Chennai"]
[Date "2024.01.14"]
[Round "9.1"]
[White "Touzane, Olivier"]
[Black "Md Imran"]
[Result "0-1"]
[ECO "D31"]
[WhiteElo "2242"]
[BlackElo "2222"]
[Annotator "TA"]
[PlyCount "70"]
[EventDate "2024.01.09"]
[EventType "tourn"]
[EventCountry "IND"]
[SourceTitle "playchess.com"]
[Source "ChessBase"]
[SourceQuality "1"]
[TimeControl "5400+30"]

1. d4 d5 2. c4 e6 3. Nc3 c6 4. e4 dxe4 5. Nxe4 Bb4+ 6. Nc3 c5 7. Nf3 Nf6 8. a3 Ba5 9. Be3 Nc6 {[%emt 0:01:17] The position is equal.} 10. dxc5 {[%emt 0:00:51] Hoping for b4.} Bxc3+ 11. bxc3 Qa5 12. Qb3 Ng4 {[%emt 0:00:37][%mdl 1024] Black has compensation.} 13. Bf4 (13. Bg5 $11 {remains equal.}) 13... e5 $1 $17 (13... Qxc5 $6 14. Bg3 $11) 14. Bg3 e4 {[%emt 0:00:02] Prevents Bd3} (14... Qxc5 $6 15. Be2 $14) 15. Ng5 e3 (15... Qxc5 16. Nxe4 Qe7 17. f3 $14) 16. f3 {[%emt 0:17:47] [#]} (16. fxe3 $17 O-O (16... Qxc5 17. Bf4 $15) (16... Nxe3 17. Bd6 $11) 17. Bd3) 16... Nf2 $1 $40 {[%emt 0:00:21][%mdl 128] Black goes for the king. Excellent horsemanship.} (16... Qxc5 $2 17. Ne4 Qb6 18. Nd6+ Ke7 19. Qxb6 axb6 20. fxg4 $18) 17. Rg1 $2 (17. Ne4 {was forced.} Nxh1 18. Nd6+ Ke7 (18... Kf8 19. Bf4 $17) 19. Bf4) 17... Qd8 (17... Qxc5 18. Qb5 Qe7 19. Bxf2 exf2+ 20. Kxf2 $15) 18. Ra2 {[%emt 0:09:02] Wards off Qd2+} Qxg5 19. Bd6 Ne5 20. Qb1 $2 {[%emt 0:09:45] [#]} (20. Qb5+ Nc6 (20... Bd7 $2 21. Qxb7 Rc8 22. Qd5 $19) 21. Rxf2 exf2+ 22. Kxf2) 20... Qh4 $1 21. Ke2 Nfd3 (21... Nxc4 $2 22. g3 Qf6 (22... Qxh2 23. Rg2 $19) 23. Qb5+ Kd8 (23... Bd7 24. Qxc4 O-O-O 25. Rb2 $17) 24. Qxc4 $19) ({Not} 21... Qxh2 22. Qb5+ Bd7 23. c6 Bxc6 (23... Qxg1 $2 24. Qxe5+ Be6 25. cxb7 $18) 24. Qxe5+ Qxe5 25. Bxe5 $17) 22. g3 Qxh2+ 23. Rg2 Qh5 24. Qb5+ Bd7 25. Qxb7 Rc8 26. Kxe3 Nxc5 27. Qd5 f6 28. Be2 $2 {[%emt 0:09:28] [#]} (28. Bxc5 $2 {is the wrong capture.} Rxc5 29. Qxc5 Qxf3+ 30. Kd2 Qxf1 $19) (28. g4 Qg5+ 29. Kf2) 28... Qf7 29. Qd4 $2 (29. Bxc5 Qxd5 30. cxd5 Rxc5 31. Kd4) 29... Nb3 30. Qxa7 Qe6 31. Bxe5 Qxe5+ 32. Kf2 Qxc3 {[%emt 0:00:02] ...Nc1 is the strong threat.} 33. Rg1 Nc5 34. Rd1 Qe5 35. Bf1 {[%emt 0:10:03] Strongly threatening Re2.} Qc7 {[%emt 0:00:42] White did not feel at home in the position after the opening.   Weighted Error Value: White=0.79/Black=0.53.  Mistake:       	White=6     	Black=1      Inaccurate:     	White=2     	---        OK:         	White=8     	Black=10     Strong:       	---       	Black=2} 0-1

[Event "12th Tamil Nadu Circuit-IM 2024"]
[Site "Chennai"]
[Date "2024.01.14"]
[Round "9.2"]
[White "Tologon tegin, Semetei"]
[Black "Buscara, Sevan"]
[Result "1-0"]
[ECO "B07"]
[WhiteElo "2384"]
[BlackElo "2359"]
[Annotator "RC"]
[PlyCount "87"]
[EventDate "2024.01.09"]
[EventType "tourn"]
[EventCountry "IND"]
[SourceTitle "playchess.com"]
[Source "ChessBase"]
[SourceQuality "1"]
[TimeControl "5400+30"]

1. d4 g6 2. e4 Bg7 3. Nf3 d6 4. Bd3 Nf6 5. O-O O-O 6. c3 c5 7. dxc5 dxc5 8. e5 Ng4 9. Bf4 Nc6 10. Re1 c4 11. Bxc4 Qxd1 12. Rxd1 Ngxe5 13. Nxe5 Nxe5 14. Bf1 Be6 15. Na3 Rad8 16. Nb5 Rxd1 17. Rxd1 a6 18. Nd4 Bxa2 19. Re1 Ng4 20. Rxe7 Bxd4 21. cxd4 Rd8 22. f3 Rxd4 23. g3 g5 24. Bxg5 f6 25. fxg4 fxg5 26. Rxb7 a5 27. Rb5 a4 28. Rxg5+ Kh8 29. Rf5 Rxg4 30. Rf4 Rxf4 31. gxf4 Kg7 32. Kf2 Kf6 33. Bd3 h6 34. Bc2 Bb3 35. Bxb3 axb3 36. Ke3 Kf5 37. Kf3 Kf6 38. Ke4 Ke6 39. f5+ Kf6 40. Kf4 Kf7 41. Ke5 Ke7 42. f6+ Kf7 43. Kf5 h5 44. h4 1-0

[Event "12th Tamil Nadu Circuit-IM 2024"]
[Site "Chennai"]
[Date "2024.01.14"]
[Round "9.3"]
[White "Gochelashvili, David"]
[Black "Pradeep Kumar R A"]
[Result "0-1"]
[ECO "A49"]
[WhiteElo "2287"]
[BlackElo "2189"]
[Annotator "RC"]
[PlyCount "106"]
[EventDate "2024.01.09"]
[EventType "tourn"]
[EventCountry "IND"]
[SourceTitle "playchess.com"]
[Source "ChessBase"]
[SourceQuality "1"]
[TimeControl "5400+30"]

1. d4 Nf6 2. Nf3 g6 3. g3 Bg7 4. Bg2 O-O 5. O-O d6 6. a4 a5 7. Nc3 Nc6 8. e4 e5 9. dxe5 Nxe5 10. Nxe5 dxe5 11. Bg5 c6 12. Qxd8 Rxd8 13. Rfd1 Be6 14. f3 Rxd1+ 15. Nxd1 Nd7 16. b3 Bf8 17. Kf2 Bc5+ 18. Be3 Kf8 19. Nb2 Ke7 20. Rd1 Bxe3+ 21. Kxe3 f5 22. Nd3 fxe4 23. fxe4 b5 24. Ra1 Kd6 25. Rd1 Ke7 26. Ra1 Kd6 27. Rd1 Kc7 28. Ra1 bxa4 29. Rxa4 c5 30. Bf1 c4 31. Nc1 Nc5 32. Ra3 cxb3 33. cxb3 Kb7 34. Be2 Ra7 35. Nd3 Nxd3 36. Bxd3 Kb6 37. Bc2 Rc7 38. Kd2 Rf7 39. Ke1 Rf3 40. Ra4 Bxb3 41. Ra3 a4 42. Ke2 Rc3 43. Bxb3 axb3 44. Kd2 b2 45. Kxc3 b1=Q 46. Rb3+ Qxb3+ 47. Kxb3 Kb5 48. Kc3 Kc5 49. h4 h5 50. Kd3 Kb4 51. Ke3 Kc3 52. Kf3 Kd4 53. g4 Kd3 0-1

[Event "12th Tamil Nadu Circuit-IM 2024"]
[Site "Chennai"]
[Date "2024.01.14"]
[Round "9.4"]
[White "Raghav V"]
[Black "Mohamed Anees M"]
[Result "0-1"]
[ECO "C41"]
[WhiteElo "2150"]
[BlackElo "2319"]
[Annotator "RC"]
[PlyCount "98"]
[EventDate "2024.01.09"]
[EventType "tourn"]
[EventCountry "IND"]
[SourceTitle "playchess.com"]
[Source "ChessBase"]
[SourceQuality "1"]
[TimeControl "5400+30"]

1. e4 d6 2. d4 Nf6 3. Nc3 e5 4. Nf3 Nbd7 5. Bc4 Be7 6. O-O O-O 7. h3 c6 8. a4 h6 9. Re1 Re8 10. a5 Bf8 11. d5 Qc7 12. Qe2 cxd5 13. exd5 a6 14. Be3 g6 15. Na4 Bg7 16. Ra3 Nh5 17. Nb6 Nxb6 18. axb6 Qd8 19. g4 Nf6 20. b4 h5 21. g5 Nd7 22. Ba2 Nxb6 23. c4 Bxh3 24. c5 Bg4 25. cxb6 e4 26. Bf4 Bxf3 27. Rxf3 exf3 28. Qxe8+ Qxe8 29. Rxe8+ Rxe8 30. Bxd6 Re1+ 31. Kh2 Be5+ 32. Bxe5 Rxe5 33. Kg3 Re4 34. Kxf3 Rxb4 35. Ke3 Kf8 36. f4 Rxb6 37. Kd4 Ke7 38. Ke5 a5 39. Bc4 a4 40. Kd4 Kd6 41. Bd3 a3 42. f5 a2 43. fxg6 a1=Q+ 44. Ke3 Qe5+ 45. Kf3 Rb3 46. gxf7 Rxd3+ 47. Kf2 Qe3+ 48. Kf1 Qf3+ 49. Ke1 Rd1# 0-1

[Event "12th Tamil Nadu Circuit-IM 2024"]
[Site "Chennai"]
[Date "2024.01.14"]
[Round "9.5"]
[White "Mamombe, Kudzanai"]
[Black "Prasannaa.s"]
[Result "0-1"]
[ECO "B90"]
[WhiteElo "1797"]
[BlackElo "2213"]
[Annotator "TA"]
[PlyCount "75"]
[EventDate "2024.01.09"]
[EventType "tourn"]
[EventCountry "IND"]
[SourceTitle "playchess.com"]
[Source "ChessBase"]
[SourceQuality "1"]
[TimeControl "5400+30"]

1. e4 c5 2. Nf3 d6 3. d4 cxd4 4. Nxd4 Nf6 5. Nc3 a6 6. Be3 e5 7. Nb3 Be7 8. f3 Be6 9. g4 (9. Qd2 $14) 9... d5 $15 10. exd5 Nxd5 11. Nxd5 {[%emt 0:00:06] Black is slightly better.} Bh4+ (11... Qxd5 12. Qxd5 Bxd5 13. Be2 $11) 12. Bf2 Bxf2+ 13. Kxf2 Bxd5 (13... Qxd5 $6 14. Qxd5 Bxd5 15. Rd1 Bxb3 16. axb3 $14) 14. h4 O-O 15. Bd3 {[%emt 0:01:30] Repels f5} (15. Kg3 $11 {keeps the balance.}) 15... Nc6 $17 16. Qd2 Bxb3 17. axb3 {[#]} e4 $1 18. fxe4 Ne5 19. Rag1 (19. g5 $17 {might work better.}) 19... Qd4+ (19... Qf6+ $19 20. Kg2 Qf3+ (20... Nxg4 21. Rh3 $17) 21. Kh2 Rad8 (21... Nxg4+ $2 22. Rxg4 Qxg4 23. Qf2 $19)) 20. Ke2 Qxb2 {[%emt 0:01:36] Black is much more active.} 21. Rg3 Rac8 22. Kd1 $2 (22. Qc1 Qd4 (22... Nxd3 $2 23. Qxb2 Nxb2 24. c3 $19) 23. Qe3) 22... Rfd8 $19 (22... Qa1+ 23. Qc1 Qa2 24. Kd2 $19) 23. Rhh3 Qa1+ 24. Qc1 Qd4 {[%emt 0:01:47][%cal Oe5d3] [#] aiming for ...Nxd3!} 25. Qf4 (25. Qe3 {only move.}) 25... Nxd3 (25... a5 $142 26. h5 Qa1+ 27. Qc1 Qa2) 26. Rxd3 Qg1+ 27. Kd2 Qg2+ 28. Ke1 Re8 (28... Qxc2 29. Qd2 Qc7 30. Kf1) 29. Rhf3 Qxc2 ({Worse is} 29... Rxc2 30. Qxf7+ Kh8 31. Qxe8#) ({Better is} 29... f6 $19 30. Rd7 Rc6 (30... Rxc2 31. Rxg7+ Kh8 32. Rxh7+ Kxh7 33. Qf5+ Kg8 34. Qg6+ Kh8 35. Qxf6+ Kh7 36. Qf7+ Kh8 37. Qxe8+ Kh7 38. Rf7+ Kh6 39. Qe6#)) 30. g5 {[%emt 0:04:38] Loses the game.} (30. Qxf7+ $17 Kh8 31. Qf4) 30... Qb1+ 31. Kf2 Rc2+ 32. Rd2 Rxd2+ 33. Qxd2 Qxe4 {[%emt 0:00:17] KQR-KQR} ({Inferior is} 33... Rxe4 34. Qd8+) 34. Rf4 (34. Qf4 Qe6 35. Kg3) 34... Qe6 35. h5 $2 (35. Rf3) 35... Qb6+ 36. Kf1 (36. Kg2 {was called for.}) 36... Qb5+ 37. Kf2 (37. Rc4 $142) 37... Qxg5 38. Qd6 {[%emt 0:01:34] Weighted Error Value: White=0.90/Black=0.43.  Mistake:       	White=9     	Black=3      Inaccurate:     	White=2     	Black=2      OK:         	White=4     	Black=13     Best:        	White=6     	Black=2      Brilliant:      	---       	Black=1} 0-1